 Dungeon Crawl Stone Soup version 0.25.0-33-gff14898491 (webtiles) character file.

Game seed: 13320058268345512311

454 Ethylacetat the Cutter (level 7, -6/73 HPs)
             Began as an Octopode Assassin on July 6, 2020.
             Mangled by a killer bee (7 damage)
             ... on level 3 of the Dungeon.
             The game lasted 00:06:15 (2689 turns).

Ethylacetat the Cutter (Octopode Assassin)          Turns: 2689, Time: 00:06:17

Health: -6/73      AC:  1    Str: 12    XL:     7   Next: 5%
Magic:  7/7        EV: 13    Int: 14    God:
Gold:   40         SH:  0    Dex: 13    Spells: 6/6 levels left

rFire    . . .     SeeInvis .   g - +2 dagger (drain)
rCold    . . .     Gourm    .   (no shield)
rNeg     . . .     Faith    .   (helmet restricted)
rPois    .         Spirit   .   (no amulet)
rElec    .         Reflect  .   (no ring)
rCorr    .         Harm     .   (no ring)
MR       .....                  (no ring)
Stlth    ..........             (no ring)
HPRegen  0.22/turn              (no ring)
MPRegen  0.10/turn              (no ring)
                                (no ring)
                                (no ring)

@: berserking, lethally poisoned (-6 -> -13), very quick
A: almost no armour, stealthy swim, amphibious, 8 rings, constrict 8, camouflage
1, gelatinous body 1
a: no special abilities


You were on level 3 of the Dungeon.
You were not hungry.

You visited 1 branch of the dungeon, and saw 3 of its levels.

You collected 40 gold pieces.

Inventory:

Hand Weapons
 a - a +2 dagger
 g - a +2 dagger of draining (weapon)
Missiles
 b - 8 poisoned darts (quivered)
 c - 5 curare-tipped darts
Jewellery
 u - an uncursed ring of ice
Scrolls
 e - 3 scrolls of identify {unknown}
 f - 2 scrolls of teleportation {unknown}
 h - a scroll of enchant armour {unknown}
 k - 3 scrolls of amnesia {unknown}
 m - a scroll of fog {unknown}
 q - a scroll of remove curse {unknown}
 s - 2 scrolls of immolation {unknown}
 t - a scroll of enchant weapon {unknown}
Potions
 i - a potion of lignification {unknown}
 l - a potion of heal wounds {unknown}
 n - a potion of stabbing {unknown}
 p - a potion of degeneration {unknown}
 r - a potion of ambrosia {unknown}
Comestibles
 d - 9 rations


   Skills:
 + Level 4.4 Fighting
 * Level 6.1 Short Blades
 - Level 2.0 Throwing
 - Level 1.0 Dodging
 - Level 5.3 Stealth


You had 6 spell levels left.
You didn't know any spells.
Your spell library was empty.

Dungeon Overview and Level Annotations

Branches:
Dungeon (3/15)

Altars:
Qazlal


Innate Abilities, Weirdness & Mutations

You cannot wear most types of armour.
You are very stealthy in the water. (Stealth+)
You are amphibious.
You can wear up to eight rings at the same time.
You can use your tentacles to constrict eight enemies at once.
Your skin changes colour to match your surroundings (Stealth+).
Your rubbery body absorbs attacks. (AC +1, EV +1)


Message History

Your squeeze misses the killer bee. The killer bee stings you!
* * * LOW HITPOINT WARNING * * *
You are lethally poisoned!
The killer bee poisons you!
You are too berserk!
You closely miss the killer bee. Your grab misses the killer bee.
Your squeeze misses the killer bee. The killer bee barely misses you.
You miss the killer bee. Your grab misses the killer bee.
* * * LOW HITPOINT WARNING * * *
You feel sick. The killer bee misses you.
You hit the killer bee. You drain the killer bee.
Your grab misses the killer bee. Your squeeze misses the killer bee.
The killer bee is heavily wounded.
You miss the killer bee. You grab the killer bee.
Your squeeze misses the killer bee.
The killer bee is heavily wounded.
You constrict the killer bee.
* * * LOW HITPOINT WARNING * * *
You feel sick. The killer bee stings you!
You die...

###........#.##.
##....).###...###
#.........###..##
##.#.........##.#
#..#..######..#..#
#.##.##....##)##.#
#$#..#...|..#..#.#
#.#..#..##..#).#.#
#@#..#..##.....#
#y#..#..)......#
#y##.##....#..##
#y.#..######..#
##.##........##
.$###....### ..
###### .##


You could see 3 killer bees.

Vanquished Creatures
  Sigmund (D:2)
  3 killer bees (D:3)
  A hound (D:2)
  Crazy Yiuf (D:2)
  Jessica (D:2)
  3 adders
  An ooze (D:3)
  2 worms (D:2)
  A leopard gecko (D:3)
  An orc (D:3)
  7 bats
  5 giant cockroaches
  8 goblins
  6 hobgoblins
  6 kobolds
  2 quokkas
  4 frilled lizards
  5 rats
58 creatures vanquished.

Notes
Turn   | Place    | Note
-------+----------+-------------------------------------------
     0 | D:1      | Ethylacetat the Octopode Assassin began the quest for the
                  | Orb.
     0 | D:1      | Reached XP level 1. HP: 14/14 MP: 1/1
   360 | D:1      | Reached XP level 2. HP: 19/19 MP: 2/2
   924 | D:2      | Noticed Jessica
   930 | D:2      | Killed Jessica
   930 | D:2      | Reached skill level 3 in Short Blades
   930 | D:2      | Reached XP level 3. HP: 25/25 MP: 3/3
   964 | D:2      | Noticed Sigmund
   976 | D:2      | Killed Sigmund
   976 | D:2      | Reached skill level 4 in Short Blades
   976 | D:2      | Reached XP level 4. HP: 7/32 MP: 4/4
   976 | D:2      | Reached XP level 5. HP: 8/36 MP: 5/5
  1357 | D:2      | Reached skill level 5 in Short Blades
  1694 | D:2      | Reached XP level 6. HP: 32/43 MP: 6/6
  1778 | D:2      | Found a stormy altar of Qazlal.
  1915 | D:2      | Found a runed translucent door.
  1916 | D:2      | Noticed Crazy Yiuf
  2044 | D:2      | Killed Crazy Yiuf
  2682 | D:3      | Reached skill level 6 in Short Blades
  2682 | D:3      | Reached XP level 7. HP: 20/49 MP: 7/7
  2685 | D:3      | HP: 3/73 [killer bee (9)]
  2689 | D:3      | HP: 1/73 [poisoned by a killer bee]
  2689 | D:3      | Mangled by a killer bee

Illustrated notes

Levels and vault maps discovered:
D:1:      mrwooster_arrival_statue, layout_basic, minmay_hexomino_u4
D:2:      layout_basic, grunt_qazlal_sundering, uniq_sigmund, uniq_jessica,
          uniq_crazy_yiuf_cottage
D:3:      layout_loops_ring, first_ration, minmay_randomly_rotated_circles

Skill      XL: |  1  2  3  4  5  6 |
---------------+-------------------+-----
Short Blades   | 3 4 5 6 |  6.1
Fighting       | 3 4 |  4.4
Throwing       | |  2.0
Dodging        | |  1.0
Stealth        | |  5.3

Action                   |  1- 3 |  4- 6 |  7- 9 || total
-------------------------+-------+-------+-------++-------
Melee: Dagger            |    37 |    81 |     6 ||   124
       Constrict         |     4 |    18 |     1 ||    23
       Tentacles         |     4 |    12 |       ||    16
  Use: Potion            |       |     1 |       ||     1
 Stab: Sleeping          |    16 |     7 |       ||    23
       Distracted        |       |     2 |       ||     2
  Eat: Chunk             |       |     5 |       ||     5
Armor: Skin              |       |     3 |       ||     3
Dodge: Dodged            |     6 |    41 |     3 ||    50
